Hakan, chaotic male elven Ranger # ----- -|--------- -------- ------------ |...|####..........| |......|#########-..........| |..)|# |.........| |......| ##|....._..f..# |>...####...<......| |......| ####|.........@|# --.--# |.........| |......-# #######--------.---############# #+.........| |......| ### ###### #########`###########----------- |......| # # # # ##### ---.---- # ### #### # #### # # ## # ### # # ### ##### ######` # # ## # # ###-+-.-----# ### -----|---### )-.......|######### # |.....{.-# |.......| -|-|- |.......|# |.......| |...| |........# --------- |._.| --------- |.... ----- Hakan the Lookout Experience level: 3 Strength: 14 Dexterity: 9 Constitution: 16 Intelligence: 13 Wisdom: 14 Charisma: 9 Health: 0(29) Energy: 19(19) Def: 7 Gold: 105 Moves: 2503 Dungeon seed: rBUYb7Z31mWF-bg5 Game ID: Hakan_1517660842 Your Inventory: Coins $ - 105 gold pieces Weapons a - a +1 elven dagger (weapon in hand) b - a +1 elven bow c - 34 +2 elven arrows (in quiver) d - 39 +0 elven arrows v - 9 cursed poisoned -1 crossbow bolts Armor e - an uncursed +2 elven cloak (being worn) q - a cursed -2 orcish helm (being worn) y - an uncursed +0 pair of iron shoes (being worn) z - a blessed +2 dwarvish iron helm N - an uncursed +0 dwarvish roundshield (being worn) Y - an uncursed +0 pair of leather gloves (being worn) Comestibles f - 2 uncursed lembas wafers g - an uncursed candy bar l - an uncursed food ration p - 2 uncursed cream pies t - an uncursed pancake Spellbooks j - an uncursed spellbook of detect monsters w - an uncursed spellbook of cure blindness Tools k - a bag of tricks (0:8) r - an uncursed leash s - an uncursed wooden harp Gems n - an uncursed worthless piece of black glass Spells and supernatural/magical abilities: Name Level Category Fail Memory n - detect monsters 1 divination 100% 96% W - pray for help -- divine ? -- Your skills at the end: Fighting Skills Weapon Skills dagger [Basic] bow [Basic] Spellcasting Skills Final Attributes: You were piously aligned. You saw invisible. You had automatic searching. You had infravision. You were stealthy. You are dead. Vanquished creatures: a little dog 2 dwarves a rothe 2 acid blobs a giant rat a yellow mold 2 gnomes a gecko 5 jackals 2 goblins a sewer rat 5 grid bugs a lichen 3 kobold zombies 8 newts 36 creatures vanquished. Voluntary challenges: You followed a strict vegan diet. You had been an atheist until turn 2394. You used a wielded weapon 33 times, starting on turn 288. You read items or engraved 2 times, starting on turn 913. You never genocided any monsters. You never polymorphed an object. You never changed form. You used no wishes. You never split a pudding. You never wrote Elbereth's name. You never violated your personal moral code. Dungeon overview: The Dungeons of Doom: levels 1 to 5 Level 1 a fountain a long staircase Level 2 some fountains Level 3 a hardware shop, a fountain stairs to The Gnomish Mines Level 4 <- You were here some altars to Mercury and Venus, a fountain Level 5 a fountain The Gnomish Mines: Level 4 stairs to The Dungeons of Doom History has recorded: On T:1 you entered the Dungeons of Doom to retrieve the Amulet of Yendor! On T:387 you reached level 2 of The Dungeons of Doom. On T:886 you advanced to experience level 2. On T:965 you reached level 3 of The Dungeons of Doom. On T:1350 you reached level 1 of The Gnomish Mines. On T:1415 you reached level 4 of The Dungeons of Doom. On T:1430 you reached level 5 of The Dungeons of Doom. On T:1512 you advanced to experience level 3. Score breakdown: Gold: 105 ( 6889 points) Experience: 3 levels ( 7878 points) Exploration: 5 levels ( 10.20%) ( 8660 points) Discoveries: 5 items ( 1.72%) ( 3939 points) Valuables value: (no points given unless you survive) Artifact value: 0 ( 0 points) Variety of kills: 15 monsters ( 3.94%) ( 5952 points) Turncount: 2503 turns ( -332 points) Survival: died (score multiplied by 80%) Total score: 26388 Latest messages: c - a +2 elven arrow (in quiver). The rabid rat misses. (2x) The door opens. u - a golden potion. Never mind. The kitten bites! You miss the kitten. The kitten misses. You hit the kitten! The kitten misses. The kitten bites! You miss the kitten. The kitten misses. You miss the kitten. The kitten bites! (2x) This tastes like slime mold juice. (You can name a golden potion from the item naming menu.) The kitten bites! You die... Final status: Goodbye Hakan the Ranger, killed by a kitten... You died in The Dungeons of Doom on dungeon level 4 with 26388 points, and 105 pieces of gold, after 2503 moves. You were level 3 with a maximum of 29 hit points when you died.